 Dungeon Crawl Stone Soup version 0.17-a0-1946-gfb768fe (webtiles) character file.

9186 Geeful the Martial Artist (level 11, -2/86 HPs)
             Began as a Human Wanderer on Oct 1, 2015.
             Was a High Priest of Makhleb.
             Killed by divine providence
             ... invoked by an orc priest
              (14 damage)
             ... on level 10 of the Dungeon.
             The game lasted 00:57:27 (12982 turns).

Geeful the Martial Artist (Human Wanderer)         Turns: 12982, Time: 00:57:27

Health: -2/86      AC: 14    Str: 14    XL:     11   Next: 69%
Magic:  16/16      EV: 15    Int: 12    God:    Makhleb [*****.]
Gold:   60         SH:  0    Dex: 20    Spells: 0 memorised, 10 levels left

rFire  . . .     SeeInvis .       - Unarmed
rCold  . . .     Clarity  .     p - +0 ring mail
rNeg   . . .     SustAt   .     (no shield)
rPois  .         Gourm    .     j - +0 helmet
rElec  .         Spirit   .     E - +0 cloak
rCorr  .         Warding  .     (no gloves)
rMut   .         Stasis   .     M - +1 pair of boots
MR     .....                    D - amulet of rage
Stlth  +.........               a - +5 ring of dexterity
                                C - +3 ring of protection

@: not resistant to hostile enchantments, very unstealthy
A: no striking features
a: Minor Destruction, Lesser Servant of Makhleb, Major Destruction, Greater
Servant of Makhleb, Renounce Religion, Evoke Berserk Rage


You were on level 10 of the Dungeon.
You worshipped Makhleb.
Makhleb was extremely pleased with you.
You were not hungry.

You visited 1 branch of the dungeon, and saw 10 of its levels.

You collected 565 gold pieces.
You spent 505 gold pieces at shops.

Inventory:

Missiles
 e - 8 needles of confusion
 w - 12 poisoned needles
 x - 3 throwing nets (quivered)
Armour
 j - a +0 helmet (worn)
 p - a +0 ring mail (worn)
 E - a +0 cloak (worn)
 M - a +1 pair of boots (worn)
Jewellery
 a - a +5 ring of dexterity (right hand)
 v - an uncursed ring of protection from magic
 z - a +3 ring of strength
 C - a +3 ring of protection (left hand)
 D - an amulet of rage (around neck)
Magical devices
 d - a wand of disintegration (10)
 i - a wand of digging (13)
 k - a wand of fire (2)
 l - a wand of paralysis (15)
 r - a wand of slowing (0)
 G - a wand of polymorph (11)
Scrolls
 b - 6 scrolls of remove curse
 t - a scroll of fog {unknown}
 u - 4 scrolls of teleportation {unknown}
 y - a scroll of amnesia
 A - a scroll of vulnerability {unknown}
 B - 2 scrolls of fear {unknown}
 L - a scroll of blinking {unknown}
 O - a scroll of enchant armour {unknown}
 P - 2 scrolls of magic mapping
Potions
 c - a potion of poison
 g - 2 potions of heal wounds
 h - 2 potions of lignification
 m - 2 potions of magic
 o - 2 potions of resistance
 q - 2 potions of haste
 s - 4 potions of brilliance
 F - a potion of agility
 I - a potion of flight
 J - a potion of curing
Comestibles
 f - 8 bread rations
 n - 8 meat rations
 H - 2 fruits
 K - 3 beef jerkies


   Skills:
 + Level 7.8 Fighting
   Level 2.0 Axes
 + Level 6.8 Armour
 + Level 6.0 Dodging
   Level 1.0 Shields
 - Level 11.3 Unarmed Combat
 + Level 7.7 Invocations
 - Level 1.0 Evocations


You had 10 spell levels left.
You didn't know any spells.

Dungeon Overview and Level Annotations

Branches:
Dungeon (10/15)            Temple (0/1) D:7            Lair (0/8) D:10
    Orc (0/4) D:10

Altars:
Ashenzari
Cheibriados
Dithmenos
Gozag
Makhleb
Okawaru
Trog
Zin
The Shining One

Shops:
D:5 *   D:9 *   D:10 ?


Message History

You closely miss the troll.
The troll is lightly wounded.
Your neqoxec hits the troll!
The orc warrior barely misses your neqoxec.
You punch the troll!
The troll is severely wounded.
The troll bites you!
* * * LOW HITPOINT WARNING * * *
The troll misses you. x2
Your neqoxec gestures at the troll.
The troll twists and deforms.
You barely miss the troll.
The troll is severely wounded.
The orc warrior closely misses your neqoxec.
The troll bites you.
* * * LOW HITPOINT WARNING * * *
The troll claws you but does no damage. x2
The orc priest mumbles some strange prayers to Beogh against you.
Something smites you!
You die...

.#### #.........# .#
#.........# .#
########.## .# #.# .#
#.# .# #.# .# ##.# .#
############..#####.
.###............@.......
.....# #######T#######.
.##### ###3# .# ##.o.#
.# #.o### .# #o## .# #.#
.# #'# .#


ooo You could see a troll, an orc warrior, an orc priest, an orc and a friendly
neqoxec.

Vanquished Creatures
  Erica (D:8)
  A hill giant (D:9)
  Maurice (D:8)
  Joseph (D:7)
  A centaur skeleton (D:10)
  A troll (D:10)
  A two-headed ogre (D:9)
  A spriggan (D:7)
  The ghost of AvaKnavely the Cutter, an average KoAK of Lugonu (D:5)
  Sigmund (D:5)
  A deep elf mage (D:10)
  Eustachio (D:5)
  3 hippogriffs
  Menkaure (D:7)
  Edmund (D:5)
  3 ice beasts (D:7)
  4 centaurs
  5 ogres
  A crocodile (D:8)
  A gnoll sergeant (D:9)
  A big kobold (D:7)
  4 giant frogs
  3 scorpions
  9 wights
  8 killer bees
  2 giant frog zombies (D:6)
  11 orc wizards
  6 crimson imps
  2 gnoll shamans (D:9)
  A giant frog skeleton (D:7)
  11 hounds
  7 orc priests
  5 jellies
  6 worker ants
  A hound skeleton (D:4)
  3 worker ant zombies
  24 gnolls
  11 adders
  A white imp (D:7)
  A shadow imp (D:8)
  An ooze (D:7)
  An adder zombie (D:7)
  An adder skeleton (D:8)
  A worm (D:3)
  6 giant geckos
  37 orcs
  6 bats
  11 goblins
  14 hobgoblins
  2 quokkas
  A ball python (D:2)
  4 giant cockroaches
  2 giant gecko skeletons (D:4)
  5 giant newts
  12 jackals
  12 kobolds
  A quokka skeleton (D:8)
  10 rats
275 creatures vanquished.

Vanquished Creatures (collateral kills)
  A spiny frog (D:10)
  A blink frog (D:10)
  A water moccasin (D:7)
  2 porcupines (D:10)
  An ice beast (D:10)
  4 orc warriors (D:10)
  A wasp (D:9)
  A big kobold (D:8)
  A centaur (D:10)
  A giant frog (D:10)
  2 gnoll sergeants (D:9)
  4 crimson imps (D:7)
  A hound (D:9)
  5 gnolls
  A shadow imp (D:7)
  5 orcs
  2 kobolds (D:8)
  A rat (D:10)
35 creatures vanquished.

Vanquished Creatures (others)
  A hungry ghost (D:7)
  A giant frog (D:10)
  A hound (D:7)
  A jelly (D:7)
4 creatures vanquished.

Grand Total: 314 creatures vanquished

Notes
Turn   | Place    | Note
--------------------------------------------------------------
     0 | D:1      | Geeful the Human Wanderer began the quest for the Orb.
     0 | D:1      | Geeful set off with: a wand of magic darts (15), a +0 hand crossbow, 28 bolts, a +0 hand axe, a +0 robe, a bread ration, a !bad item (cl:100,ty:0,pl:0,pl2:0,sp:0,qu:0), a !bad item (cl:100,ty:0,pl:0,pl2:0,sp:0,qu:0), a !bad item (cl:100,ty:0,pl:0,pl2:0,sp:0,qu:0), a !bad item (cl:100,ty:0,pl:0,pl2:0,sp:0,qu:0), a !bad item (cl:100,ty:0,pl:0,pl2:0,sp:0,qu:0), a !bad item (cl:100,ty:0,pl:0,pl2:0,sp:0,qu:0), a !bad item (cl:100,ty:0,pl:0,pl2:0,sp:0,qu:0), a !bad item (cl:100,ty:0,pl:0,pl2:0,sp:0,qu:0), a !bad item (cl:100,ty:0,pl:0,pl2:0,sp:0,qu:0), a !bad item (cl:100,ty:0,pl:0,pl2:0,sp:0,qu:0), a !bad item (cl:100,ty:0,pl:0,pl2:0,sp:0,qu:0), a !bad item (cl:100,ty:0,pl:0,pl2:0,sp:0,qu:0), a !bad item (cl:100,ty:0,pl:0,pl2:0,sp:0,qu:0), a !bad item (cl:100,ty:0,pl:0,pl2:0,sp:0,qu:0), a !bad item (cl:100,ty:0,pl:0,pl2:0,sp:0,qu:0), a !bad item (cl:100,ty:0,pl:0,pl2:0,sp:0,qu:0), a !bad item (cl:100,ty:0,pl:0,pl2:0,sp:0,qu:0), a !bad item (cl:100,ty:0,pl:0,pl2:0,sp:0,qu:0), a !bad item (cl:100,ty:0,pl:0,pl2:0,sp:0,qu:0), a !bad item (cl:100,ty:0,pl:0,pl2:0,sp:0,qu:0), a !bad item (cl:100,ty:0,pl:0,pl2:0,sp:0,qu:0), a !bad item (cl:100,ty:0,pl:0,pl2:0,sp:0,qu:0), a !bad item (cl:100,ty:0,pl:0,pl2:0,sp:0,qu:0), a !bad item (cl:100,ty:0,pl:0,pl2:0,sp:0,qu:0), a !bad item (cl:100,ty:0,pl:0,pl2:0,sp:0,qu:0), a !bad item (cl:100,ty:0,pl:0,pl2:0,sp:0,qu:0), a !bad item (cl:100,ty:0,pl:0,pl2:0,sp:0,qu:0), a !bad item (cl:100,ty:0,pl:0,pl2:0,sp:0,qu:0), a !bad item (cl:100,ty:0,pl:0,pl2:0,sp:0,qu:0), a !bad item (cl:100,ty:0,pl:0,pl2:0,sp:0,qu:0), a !bad item (cl:100,ty:0,pl:0,pl2:0,sp:0,qu:0), a !bad item (cl:100,ty:0,pl:0,pl2:0,sp:0,qu:0), a !bad item (cl:100,ty:0,pl:0,pl2:0,sp:0,qu:0), a !bad item (cl:100,ty:0,pl:0,pl2:0,sp:0,qu:0), a !bad item (cl:100,ty:0,pl:0,pl2:0,sp:0,qu:0), a !bad item (cl:100,ty:0,pl:0,pl2:0,sp:0,qu:0), a !bad item (cl:100,ty:0,pl:0,pl2:0,sp:0,qu:0), a !bad item (cl:100,ty:0,pl:0,pl2:0,sp:0,qu:0), a !bad item (cl:100,ty:0,pl:0,pl2:0,sp:0,qu:0), a !bad item (cl:100,ty:0,pl:0,pl2:0,sp:0,qu:0), a !bad item (cl:100,ty:0,pl:0,pl2:0,sp:0,qu:0), a !bad item (cl:100,ty:0,pl:0,pl2:0,sp:0,qu:0), a !bad item (cl:100,ty:0,pl:0,pl2:0,sp:0,qu:0), a !bad item (cl:100,ty:0,pl:0,pl2:0,sp:0,qu:0), a !bad item (cl:100,ty:0,pl:0,pl2:0,sp:0,qu:0), a !bad item (cl:100,ty:0,pl:0,pl2:0,sp:0,qu:0)
     0 | D:1      | Reached XP level 1. HP: 19/19 MP: 1/1
   294 | D:1      | Reached skill level 1 in Unarmed Combat
   467 | D:1      | Reached XP level 2. HP: 22/25 MP: 2/2
   874 | D:1      | Reached XP level 3. HP: 30/30 MP: 3/3
  1722 | D:2      | Reached XP level 4. HP: 32/37 MP: 4/4
  2592 | D:3      | Reached XP level 5. HP: 19/42 MP: 5/5
  3081 | D:3      | Found a burning altar of Makhleb.
  3206 | D:3      | Became a worshipper of Makhleb the Destroyer
  3282 | D:3      | Reached skill level 5 in Unarmed Combat
  3289 | D:3      | Reached XP level 6. HP: 26/48 MP: 6/6
  3717 | D:4      | Found a glowing silver altar of Zin.
  3736 | D:4      | Reached skill level 6 in Unarmed Combat
  3737 | D:4      | Found a shadowy altar of Dithmenos.
  3737 | D:4      | Found an opulent altar of Gozag.
  3828 | D:4      | Acquired Makhleb's first power
  3970 | D:4      | Reached XP level 7. HP: 29/54 MP: 7/7
  4453 | D:4      | Reached skill level 7 in Unarmed Combat
  4625 | D:4      | Found a snail-covered altar of Cheibriados.
  5151 | D:5      | Entered Level 5 of the Dungeon
  5159 | D:5      | Noticed Eustachio
  5162 | D:5      | Killed Eustachio
  5162 | D:5      | Reached skill level 8 in Unarmed Combat
  5162 | D:5      | Reached XP level 8. HP: 60/60 MP: 8/8
  5205 | D:5      | Noticed AvaKnavely's ghost (average KoAK)
  5228 | D:5      | Noticed Sigmund
  5248 | D:5      | Killed AvaKnavely's ghost
  5248 | D:5      | Reached skill level 9 in Unarmed Combat
  5260 | D:5      | Killed Sigmund
  5799 | D:5      | Found a bloodstained altar of Trog.
  5806 | D:5      | Reached skill level 10 in Unarmed Combat
  6119 | D:5      | Reached XP level 9. HP: 17/65 MP: 9/9
  6323 | D:5      | Noticed Edmund
  6345 | D:5      | Killed Edmund
  6345 | D:5      | Acquired Makhleb's second power
  6525 | D:5      | Reached skill level 11 in Unarmed Combat
  6802 | D:5      | Found Boafiu's Assorted Antiques.
  6805 | D:5      | Bought a shiny gilded ring for 115 gold pieces
  6915 | D:6      | Found a glowing golden altar of the Shining One.
  7510 | D:5      | Bought a small golden ring for 115 gold pieces
  7604 | D:6      | Reached skill level 1 in Dodging
  7604 | D:6      | Reached skill level 1 in Invocations
  7848 | D:6      | Found an iron altar of Okawaru.
  8231 | D:7      | Acquired Makhleb's third power
  8545 | D:7      | Noticed Joseph
  8680 | D:7      | Killed Joseph
  8680 | D:7      | Reached skill level 5 in Fighting
  8680 | D:7      | Reached XP level 10. HP: 30/74 MP: 10/12
  9678 | D:7      | Noticed Menkaure
  9684 | D:7      | Killed Menkaure
  9842 | D:7      | Found a staircase to the Ecumenical Temple.
  9949 | D:8      | Reached skill level 5 in Invocations
 10094 | D:5      | Bought a scroll labeled SIFFUPS EMEIDU for 23 gold pieces
 10094 | D:5      | Bought a murky silvery potion for 20 gold pieces
 10162 | D:8      | Noticed Maurice
 10173 | D:8      | Found a shattered altar of Ashenzari.
 10190 | D:8      | Killed Maurice
 10242 | D:8      | Acquired Makhleb's fourth power
 10282 | D:8      | Reached skill level 5 in Armour
 10863 | D:8      | Noticed Erica
 10889 | D:8      | Killed Erica
 10889 | D:8      | Reached XP level 11. HP: 46/83 MP: 15/15
 11046 | D:8      | Reached skill level 5 in Dodging
 11533 | D:9      | Acquired Makhleb's fifth power
 11767 | D:9      | Found Nurarcha's Assorted Antiques.
 11802 | D:9      | Bought a scroll of identify for 56 gold pieces
 11833 | D:9      | Noticed a hill giant
 11845 | D:9      | Killed a hill giant
 12207 | D:10     | Entered Level 10 of the Dungeon
 12218 | D:10     | Found a staircase to the Orcish Mines.
 12228 | D:10     | Noticed a green death
 12565 | D:10     | Found a staircase to the Lair.
 12816 | D:10     | Found Panin's Magic Scroll Shoppe.
 12832 | D:10     | Bought a scroll of identify for 32 gold pieces
 12832 | D:10     | Bought a scroll of identify for 32 gold pieces
 12832 | D:10     | Bought a scroll of magic mapping for 56 gold pieces
 12832 | D:10     | Bought a scroll of magic mapping for 56 gold pieces
 12982 | D:10     | Killed from afar by an orc priest

Vault maps used:
D:1:      dpeg_arrival_ratfight, eino_curves_02, st_stairs_7
D:3:      minivault_19, grunt_decor_cap, minmay_misc_feat_tiny,
          makhleb_blood_cavern_becter
D:4:      cheibriados_altar_wand_db, grunt_temple_overflow_open,
          grunt_tough_drop
D:5:      lemuel_doored_altar, serial_shops, kennysheep_mini_moat, first_bread,
          uniq_eustachio, uniq_edmund, uniq_sigmund
D:6:      okawaru_altar_gauntlet_db, minmay_curled_crystal, tso_metal_star
D:7:      lemuel_temple_firewalk_marked, the_bakery, minmay_nine_imps,
          uniq_menkaure, uniq_joseph
D:8:      cheibrodos_ashenzari_chains, uniq_maurice, uniq_erica
D:9:      serial_gnoll_camp, gnoll_camp_mini_loothouse, gnoll_camp_mini_house,
          gnoll_camp_huts_basic, gnoll_camp_mini_hut, gnoll_camp_mini_hut,
          gnoll_camp_mini_shop
D:10:     dpeg_lair_monsters, orc_david_3, serial_shops, shop, hex_intersection

Action                   |  1- 3 |  4- 6 |  7- 9 | 10-12 || total
-------------------------+-------+-------+-------+-------++-------
Melee: Unarmed           |   133 |   262 |   329 |   518 ||  1242
Throw: Throwing net      |       |       |     1 |     1 ||     2
Invok: Lesser Servant of |       |       |       |     6 ||     6
       Greater Servant o |       |       |       |     2 ||     2
Evoke: Wand              |     9 |     6 |    24 |    16 ||    55
  Use: Potion            |       |     5 |     3 |     1 ||     9
       Scroll            |       |       |    11 |     7 ||    18
 Stab: Invisible         |       |       |       |     2 ||     2
       Paralysed         |       |       |       |     8 ||     8
       Distracted        |       |       |       |     1 ||     1
  Eat: Chunk             |     3 |     7 |    11 |    16 ||    37
       Pizza             |       |       |     1 |       ||     1
       Beef jerky        |       |       |     1 |       ||     1
